 Dungeon Crawl Stone Soup version 0.20-a0-1127-g1289703 (webtiles) character file.

1285 Lexie the Magician (level 8, -3/46 HPs)
             Began as an Octopode Fire Elementalist on May 18, 2017.
             Slain by an ogre
             ... wielding a +0 giant club
              (19 damage)
             ... on level 5 of the Dungeon.
             The game lasted 00:08:16 (5380 turns).

Lexie the Magician (Octopode Fire Elementalist)     Turns: 5380, Time: 00:08:17

Health: -3/46      AC:  3    Str:  7    XL:     8   Next: 55%
Magic:  17/26      EV: 12    Int: 20    God:
Gold:   172        SH:  0    Dex: 12    Spells: 4/19 levels left

rFire    . . .     SeeInvis .   s - +0 dagger
rCold    + . .     Gourm    .   (no shield)
rNeg     . . .     Faith    .   u - +2 hat
rPois    .         Spirit   .   (no amulet)
rElec    .         Reflect  .   l - ring of magical power
rCorr    .         Harm     .   p - ring of protection from magic
MR       +....                  v - ring of protection from cold
Stlth    +++.......             (no ring)
Regen    0.2/turn               (no ring)
MPRegen  0.2/turn               (no ring)
                                (no ring)
                                (no ring)

@: drained
A: almost no armour, stealthy swim, amphibious, 8 rings, constrict 8, camouflage
1, gelatinous body 1
a: no special abilities


You were on level 5 of the Dungeon.
You were hungry.

You visited 1 branch of the dungeon, and saw 6 of its levels.

You collected 172 gold pieces.

Inventory:

Hand Weapons
 s - a +0 dagger (weapon)
Armour
 n - a +2 shield
 u - a +2 hat (worn)
Jewellery
 l - a ring of magical power (left tentacle)
 p - a ring of protection from magic (right tentacle)
 q - an uncursed amulet of harm
 v - a ring of protection from cold (on tentacle)
Scrolls
 d - a scroll of recharging {unknown}
 e - 4 scrolls of identify {unknown}
 g - 3 scrolls of remove curse {unknown}
 h - a scroll of blinking {unknown}
 k - 3 scrolls of teleportation {unknown}
 o - 2 scrolls of magic mapping {unknown}
 t - 2 scrolls of enchant weapon {unknown}
 x - a scroll of noise {unknown}
 y - a scroll of fog {unknown}
Potions
 c - 2 potions of curing {unknown}
 f - a potion of brilliance {unknown}
 i - 2 potions of invisibility {unknown}
 j - a potion of resistance {unknown}
 r - 2 potions of heal wounds
 w - a potion of mutation {unknown}
Books
 a - a book of Flames

   Spells                             Type                      Level
   a - Flame Tongue                   Conjuration/Fire             1
   b - Throw Flame                    Conjuration/Fire             2
   c - Conjure Flame                  Conjuration/Fire             3
   d - Inner Flame                    Hexes/Fire                   3
   e - Sticky Flame                   Conjuration/Fire             4
   f - Fireball                       Conjuration/Fire             5
Comestibles
 b - 3 bread rations
 m - 4 royal jellies


   Skills:
 - Level 2.0(0.9) Dodging
 - Level 2.6(1.6) Stealth
 * Level 6.3(5.1) Spellcasting
 * Level 6.1(5.0) Conjurations
 + Level 5.3(4.2) Fire Magic


You had 4 spell levels left.
You knew the following spells:

 Your Spells              Type           Power        Failure   Level  Hunger
a - Flame Tongue          Conj/Fire      ###..        1%          1    None
b - Throw Flame           Conj/Fire      ###...       2%          2    None
c - Conjure Flame         Conj/Fire      ###.....     4%          3    ##.....
d - Sticky Flame          Conj/Fire      ###.....     17%         4    ####...
e - Fireball              Conj/Fire      ###.......   43%         5    #####..


Dungeon Overview and Level Annotations

Branches:
Dungeon (6/15)
 Temple: D:4-7

Altars:
Makhleb

Annotations:
D:2 1 runed door, Sigmund


Innate Abilities, Weirdness & Mutations

You cannot wear most types of armour.
You are very stealthy in the water. (Stealth+)
You are amphibious.
You can wear up to eight rings at the same time.
You can use your tentacles to constrict eight enemies at once.
Your skin changes colour to match your surroundings (Stealth+).
Your rubbery body absorbs attacks. (AC +1, EV +1)


Message History

Aim: an ogre, wielding a giant club (lightly wounded)
The flame tongue hits the ogre.
The ogre is moderately wounded.
Casting: Flame Tongue
Confirm with . or Enter, or press ? or * to list all spells.
Aiming: Flame Tongue
Press: ? - help, Shift-Dir - straight line, f/p - ogre
Aim: an ogre, wielding a giant club (moderately wounded)
The flame tongue hits the ogre.
The ogre is heavily wounded.
Casting: Flame Tongue
Confirm with . or Enter, or press ? or * to list all spells.
Aiming: Sticky Flame
Press: ? - help, Shift-Dir - straight line, f/p - ogre
Aim: an ogre, wielding a giant club (heavily wounded)
The sticky flame hits the ogre.
The ogre is severely wounded.
The ogre is covered in liquid flames!
The ogre burns!
The ogre hits you with a giant club!!
You die...

.. . . .......#
.. ..)...# # ..
.....# !# ...
....# ..# ##
#.†.# ...#
..###...##....#
..(....O......#
.....[.@......#
........(.....#
...#######....#
. ...# ..# .# #


You could see an ogre (burning).

Vanquished Creatures
  The ghost of Lexie the Conjurer, a novice OpFE (D:4)
  The ghost of Lexie the Firebug, an amateur OpFE (D:5)
  The ghost of Lexie the Firebug, an amateur OpFE (D:3)
  A centaur (D:5)
  2 ogres (D:4)
  2 scorpions (D:4)
  A howler monkey (D:5)
  3 hounds (D:4)
  A bullfrog skeleton (D:4)
  Jessica (D:2)
  A centaur skeleton (D:4)
  An iguana (D:4)
  Terence (D:2)
  A worker ant (D:4)
  4 adders (D:5)
  2 oozes
  An adder zombie (D:5)
  An adder skeleton (D:4)
  4 worms
  3 dart slugs
  3 leopard geckos
  10 orcs
  3 giant cockroaches
  10 goblins
  6 hobgoblins
  5 jackals
  8 bats
  4 frilled lizards
  10 kobolds
  A quokka skeleton (D:5)
  7 rats
100 creatures vanquished.

Vanquished Creatures (others)
  A frilled lizard (D:3)
  A kobold (D:2)
2 creatures vanquished.

Grand Total: 102 creatures vanquished

Notes
Turn   | Place    | Note
-------+----------+-------------------------------------------
     0 | D:1      | Lexie the Octopode Fire Elementalist began the quest for the Orb.
     0 | D:1      | Reached XP level 1. HP: 11/11 MP: 3/3
   214 | D:1      | Reached XP level 2. HP: 17/17 MP: 2/5
   975 | D:1      | Reached XP level 3. HP: 21/21 MP: 5/7
  1152 | D:2      | Learned a level 2 spell: Throw Flame
  1156 | D:2      | Learned a level 3 spell: Conjure Flame
  1267 | D:2      | Noticed Jessica
  1300 | D:2      | Killed Jessica
  1300 | D:2      | Reached XP level 4. HP: 15/27 MP: 2/8
  1445 | D:2      | Noticed Terence
  1651 | D:2      | Found a runed door.
  1783 | D:2      | Killed Terence
  1947 | D:2      | Noticed Sigmund
  2309 | D:3      | Noticed Lexie's ghost (amateur OpFE)
  2317 | D:3      | Killed Lexie's ghost
  2317 | D:3      | Reached XP level 5. HP: 5/31 MP: 11/11
  2818 | D:3      | Reached XP level 6. HP: 36/36 MP: 12/12
  3432 | D:4      | Noticed Lexie's ghost (novice OpFE)
  3447 | D:4      | Killed Lexie's ghost
  3447 | D:4      | Reached skill level 5 in Spellcasting
  3447 | D:4      | Reached XP level 7. HP: 23/41 MP: 3/14
  3597 | D:4      | Learned a level 4 spell: Sticky Flame
  3871 | D:4      | Reached skill level 5 in Conjurations
  4032 | D:4      | Found a burning altar of Makhleb.
  4426 | D:4      | Reached XP level 8. HP: 37/46 MP: 16/16
  4445 | D:4      | Reached skill level 5 in Fire Magic
  4500 | D:5      | Entered Level 5 of the Dungeon
  4524 | D:5      | Noticed Lexie's ghost (amateur OpFE)
  4534 | D:5      | HP: 2/46 [Lexie's ghost/puff of flame (15)]
  4535 | D:5      | Killed Lexie's ghost
  5327 | D:6      | Learned a level 5 spell: Fireball
  5380 | D:5      | Slain by an ogre

Vault maps used:
D:1:      grunt_arrival_lava_bath
D:2:      elyvilon_altar_4, kennysheep_nub, uniq_jessica, uniq_terence,
          uniq_sigmund, uniq_crazy_yiuf_cottage
D:3:      serial_forest, infiniplex_forest_clump_long,
          infiniplex_forest_clump_long, infiniplex_forest_end_2,
          infiniplex_forest_lined_3, infiniplex_forest_join,
          infiniplex_forest_zigzag_1, first_bread
D:4:      makhleb_heckhound_becter
D:5:      nicolae_overflow_hidden_temple, grunt_ministairs_1
D:6:      bloody_trog, minmay_temple_entry_purple_smoke

Skill      XL: |  1  2  3  4  5  6  7  8 |
---------------+-------------------------+-----
Spellcasting   | 3 4 5 6 |  6.3
Conjurations   | 3 4 5 6 |  6.1
Fire Magic     | 4 5 |  5.3
Dodging        | |  2.0
Stealth        | |  2.6

Action                   |  1- 3 |  4- 6 |  7- 9 || total
-------------------------+-------+-------+-------++-------
Melee: Unarmed           |    13 |       |       ||    13
       Constrict         |     6 |     1 |       ||     7
       Tentacles         |     3 |       |     1 ||     4
       Dagger            |       |     1 |     2 ||     3
 Cast: Flame Tongue      |    45 |    55 |    71 ||   171
       Throw Flame       |       |    22 |    17 ||    39
       Sticky Flame      |       |       |     3 ||     3
       Conjure Flame     |       |       |     1 ||     1
  Use: Potion            |       |       |     1 ||     1
 Stab: Sleeping          |       |       |     1 ||     1
  Eat: Chunk             |     1 |     7 |     6 ||    14
Armor: Skin              |     3 |       |     5 ||     8
Dodge: Dodged            |    23 |    12 |    23 ||    58
